[Event "RUS-ch Rapid 2021"]
[Site "Sochi"]
[Date "2021.10.12"]
[Round "1.24"]
[White "Erastov, Semen"]
[Black "Pridorozhni, Aleksei"]
[Result "0-1"]
[ECO "E18"]
[WhiteElo "2039"]
[BlackElo "2564"]
[Annotator "ChessBase"]
[PlyCount "120"]
[EventDate "2021.10.12"]
[EventType "swiss"]
[EventCountry "RUS"]
[SourceTitle "playchess.com"]
[Source "ChessBase"]
[SourceQuality "1"]
[TimeControl "900+10"]

1. d4 e6 2. Nf3 f5 3. g3 b6 4. Bg2 Bb7 5. O-O Nf6 6. c4 Be7 7. Nc3 Ne4 8.
Nxe4 Bxe4 9. b3 O-O 10. Bb2 d6 11. Nd2 Bxg2 12. Kxg2 Nd7 13. e4 f4 14. Qe2 Qe8 15. f3 e5 16. d5 fxg3 17. hxg3 Qg6 18.
Rg1 Bg5 19. Nf1 Rf7 20. Bc1 Raf8 21. Bxg5 Qxg5 22. Nd2 Nf6 23. Raf1 Nh5 24. Kf2 Rf6 25. Qe3 Qg4 26. Ke1 Qd7 27. Rg2 Rg6 28. Qf2 Qe7 29. Rfg1 Qg5 30. Kd1 Rgf6 31. Kc2 Qg6 32. Kd1 Qe8 33. a4 c6 34. dxc6 Qxc6 35. Rh1 g6 36. Rgh2 R6f7 37. Kc2 a6 38. Qe3 b5 39. axb5 axb5 40. Rxh5 gxh5 41. Rxh5 bxc4 42. Nxc4 Qc7 43. Rg5+ Kh8 44. f4 Rg7 45. fxe5 dxe5 46. Kb2 Qe7 47. Rxg7 Qxg7 48. Qc5 Re8 49. Qc6 Rg8 50. Qe6 Qxg3 51. Nxe5 Qf2+ 52. Kc3 Qc5+ 53. Nc4 Rf8 54. Qg4 Qe7 55. e5 Qg7 56. Qe4 h5 57. Kb4 Rb8+ 58. Kc3 Qg3+ 59. Ne3 Qe1+ 60. Kc4 Rb4+ 0-1

[Event "RUS-ch Rapid 2021"]
[Site "Sochi"]
[Date "2021.10.12"]
[Round "2.12"]
[White "Bologan, Victor"]
[Black "Zakaryan, David"]
[Result "1/2-1/2"]
[ECO "B30"]
[WhiteElo "2574"]
[BlackElo "2283"]
[Annotator "ChessBase"]
[PlyCount "81"]
[EventDate "2021.10.12"]
[EventType "swiss"]
[EventCountry "RUS"]
[SourceTitle "playchess.com"]
[Source "ChessBase"]
[SourceQuality "1"]
[TimeControl "900+10"]

1. e4 c5 2. Nf3 e6 3. d3 Nc6 4. g3 Nf6 5. Bg2 Be7 6. O-O d6 7. Qe2 Qc7 8. c3 Bd7 9. d4 d5 10. exd5 Nxd5 11. c4 Nf6 12. Bf4 Qb6 13. dxc5 Qxc5 14. a3 O-O 15. b4 Qh5 16. Nc3 Rac8 17. c5 Rfd8 18. h3 h6 19. Rac1 Be8 20.
Rfd1 Qf5 21. Nh4 Qh7 22. Be3 a6 23. f4 Nd5 24. Nxd5 exd5 25. Rxd5 Bxh4 26. gxh4 Rxd5 27. Bxd5 Bd7 28. Kh2 Qf5 29. Qg2 Re8 30. Rc3 Qf6 31. Rd3 Bf5 32. Bxc6 Qxc6 33. Qxc6 bxc6 34. Rc3 Rd8 35. Kg3 Rd3 36. Rxd3 Bxd3 37. Kg4 f6 38. f5 Kf7 39. Kf4 Bc2 40. Bd4 Bb3 41. Bc3 1/2-1/2

[Event "RUS-ch Rapid 2021"]
[Site "Sochi"]
[Date "2021.10.12"]
[Round "2.15"]
[White "Maltsevskaya, Aleksandra"]
[Black "Kokarev, Dmitry"]
[Result "0-1"]
[ECO "B91"]
[WhiteElo "2411"]
[BlackElo "2579"]
[Annotator "ChessBase"]
[PlyCount "92"]
[EventDate "2021.10.12"]
[EventType "swiss"]
[EventCountry "RUS"]
[SourceTitle "playchess.com"]
[Source "ChessBase"]
[SourceQuality "1"]
[TimeControl "900+10"]

1. e4 c5 2. Nf3 d6 3. d4 Nf6 4. Nc3 cxd4 5. Nxd4 a6 6. h3 e5 7. Nde2 b5 8. g3 Nbd7 9. Bg2 Be7 10. O-O O-O 11. a4 b4 12. Nd5 Nxd5 13.
Qxd5 Qc7 14. a5 Rb8 15. c3 Nc5 16. cxb4 Rxb4 17. Nc3 Rd4 18.
Qa2 Be6 19. Nd5 Bxd5 20. exd5 Ra4 21. Qb1 Rxa1 22. Qxa1 Nb3 23. Qb1 Qxa5 24. Be3 Rc8 25. Qf5 Qc7 26. f4 Nd4 27. Qd3 Qb6 28. fxe5 dxe5 29. Kh2 g6 30. Rf2 a5 31. Qe4 Bd6 32. Qg4 Qc7 33. Be4 Rb8 34. h4 f5 35. Bxf5 Nxf5 36. Rxf5 Qc8 37. Rg5 Qxg4 38. Rxg4 Rxb2+ 39. Kh3 Rb4 40. Bd2 Rxg4 41. Kxg4 a4 42. Bc3 e4 43. h5 a3 44. hxg6 hxg6 45. Kh3 Kf7 46. Kg2 Be7 0-1

[Event "RUS-ch Rapid 2021"]
[Site "Sochi"]
[Date "2021.10.12"]
[Round "2.16"]
[White "Afanasiev, Nikita"]
[Black "Gitelson, Arkady"]
[Result "1-0"]
[ECO "A04"]
[WhiteElo "2560"]
[BlackElo "2188"]
[Annotator "ChessBase"]
[PlyCount "66"]
[EventDate "2021.10.12"]
[EventType "swiss"]
[EventCountry "RUS"]
[SourceTitle "playchess.com"]
[Source "ChessBase"]
[SourceQuality "1"]
[TimeControl "900+10"]

1. Nf3 b6 2. g3 Bb7 3. Bg2 g6 4. O-O Bg7 5. d4 e6 6. Re1 Ne7 7. e4 O-O 8. a4 a6 9. c3 d6 10. h4 h6 11. Nbd2 c5 12. dxc5 dxc5 13.
Nc4 Nd7 14. Bf4 Bc6 15. Bd6 b5 16. Nce5 Nxe5 17. Nxe5 Bxe5 18. Bxe5 Qxd1 19. Rexd1 c4 20. Bf6 Nc8 21. axb5 axb5 22. Rxa8 Bxa8 23. Ra1 Nb6 24. Ra5 Nd7 25. Be7 Re8 26. Bd6 e5 27. Rxb5 Re6 28. Ba3 Re8 29. Rb4 Nc5 30. Rxc4 Nd3 31. Bf1 Ne1 32. Be2 f5 33. Kf1 Nc2 1-0

[Event "RUS-ch Rapid 2021"]
[Site "Sochi"]
[Date "2021.10.12"]
[Round "2.18"]
[White "Khanin, Semen"]
[Black "Taysayev, Timur"]
[Result "1-0"]
[ECO "B63"]
[WhiteElo "2521"]
[BlackElo "2217"]
[Annotator "ChessBase"]
[PlyCount "63"]
[EventDate "2021.10.12"]
[EventType "swiss"]
[EventCountry "RUS"]
[SourceTitle "playchess.com"]
[Source "ChessBase"]
[SourceQuality "1"]
[TimeControl "900+10"]

1. e4 c5 2. Nf3 d6 3. d4 cxd4 4. Nxd4 Nf6 5. Nc3 Nc6 6. Bg5 e6 7. Qd2 Be7 8. O-O-O O-O 9. f3 a6 10. h4 Nxd4 11. Qxd4 Qa5 12. Kb1 b5 13. e5 dxe5 14. Qxe5 Bb7 15. Bd3 Rac8 16. Ne4 Bxe4 17. Bxe4 Nxe4 18. Qxe4 Qc7 19. Bxe7 Qxe7 20. Rd4 Rfd8 21. Rhd1 h6 22. a3 Qc7 23. Rxd8+ Rxd8 24. Rxd8+ Qxd8 25. Qc6 Qxh4 26. Qxa6 Qh1+ 27. Ka2 Qxg2 28. Qxb5 Qxf3 29. a4 h5 30. a5 h4 31. a6 h3 32. a7 1-0

[Event "RUS-ch Rapid 2021"]
[Site "Sochi"]
[Date "2021.10.12"]
[Round "2.20"]
[White "Nozdrachev, Vladislav"]
[Black "Khubukshanov, Erdem"]
[Result "0-1"]
[ECO "B31"]
[WhiteElo "2495"]
[BlackElo "2373"]
[Annotator "ChessBase"]
[PlyCount "48"]
[EventDate "2021.10.12"]
[EventType "swiss"]
[EventCountry "RUS"]
[SourceTitle "playchess.com"]
[Source "ChessBase"]
[SourceQuality "1"]
[TimeControl "900+10"]

1. e4 c5 2. Nf3 Nc6 3. Bb5 g6 4. O-O Bg7 5. Re1 e5 6. Bxc6 dxc6 7. d3 Qc7 8. a4 a5 9. Nbd2 Ne7 10. Nc4 Be6 11. b3 f6 12. Be3 b6 13.
Nfd2 O-O 14. b4 b5 15. axb5 cxb5 16. Nxa5 cxb4 17. Nab3 Rxa1 18.
Qxa1 Qxc2 19. Nc5 Bf7 20. Qa5 f5 21. Nf3 b3 22. Qxb5 b2 23.
g3 Ba2 24. Nd2 f4 0-1

[Event "RUS-ch Rapid 2021"]
[Site "Sochi"]
[Date "2021.10.12"]
[Round "2.21"]
[White "Dashko, Andrey"]
[Black "Trushnikov, Sergey"]
[Result "1/2-1/2"]
[ECO "B06"]
[WhiteElo "2219"]
[BlackElo "2525"]
[Annotator "ChessBase"]
[PlyCount "75"]
[EventDate "2021.10.12"]
[EventType "swiss"]
[EventCountry "RUS"]
[SourceTitle "playchess.com"]
[Source "ChessBase"]
[SourceQuality "1"]
[TimeControl "900+10"]

1. e4 g6 2. d4 Bg7 3. Nc3 d6 4. Be3 a6 5. Qd2 b5 6. f3 Bb7 7. O-O-O Nd7 8. Kb1 Rc8 9. h4 h5 10. Nh3 c5 11. dxc5 Nxc5 12. Bd4 Bxd4 13. Qxd4 Nf6 14. Nd5 Bxd5 15. exd5 Ncd7 16. Nf4 Qb6 17. Qd2 Rc5 18. Be2 Qb7 19. g4 Nb6 20. b4 Rxd5 21. Nxd5 Nfxd5 22. gxh5 gxh5 23. f4 Qc7 24. Rh3 Rg8 25. Bxh5 e6 26. f5 e5 27. Bf3 Nc3+ 28. Kc1 Nxa2+ 29. Kb1 Nc3+ 30. Kc1 Nxd1 31. Bxd1 a5 32. Rc3 Nc4 33. Qd5 Qb6 34. Qa8+ Qd8 35. Qc6+ Qd7 36. Qa8+ Qd8 37. Qc6+ Qd7 38. Qa8+ 1/2-1/2

[Event "RUS-ch Rapid 2021"]
[Site "Sochi"]
[Date "2021.10.12"]
[Round "3.10"]
[White "Tsydypov, Zhamsaran"]
[Black "Pershin, Denis"]
[Result "1-0"]
[ECO "B11"]
[WhiteElo "2526"]
[BlackElo "2388"]
[Annotator "ChessBase"]
[PlyCount "71"]
[EventDate "2021.10.12"]
[EventType "swiss"]
[EventCountry "RUS"]
[SourceTitle "playchess.com"]
[Source "ChessBase"]
[SourceQuality "1"]
[TimeControl "900+10"]

1. e4 c6 2. Nc3 d5 3. Nf3 Bg4 4. h3 Bxf3 5. Qxf3 Nf6 6. d4 dxe4 7. Qe3 e6 8. Nxe4 Nxe4 9. Qxe4 Nd7 10. Be2 Nf6 11. Qd3 Bd6 12. O-O O-O 13. Bg5 h6 14. Bh4 e5 15. Rad1 Re8 16. Qb3 exd4 17. Bc4 Qe7 18. Rxd4 Bc5 19. Bxf6 Qxf6 20. Rd7 Re7 21. Rxb7 Rxb7 22. Qxb7 Rd8 23. Bd3 Bb6 24. b4 g6 25. a4 Rd5 26. a5 Bd4 27. b5 Rc5 28. Qxa7 cxb5 29. a6 Kg7 30. Qb7 Qd8 31. a7 Rc8 32. Be4 Bxa7 33. Qxa7 Rc7 34. Qb6 Qd7 35. Bd3 Rc8 36. Ra1 1-0

[Event "RUS-ch Rapid 2021"]
[Site "Sochi"]
[Date "2021.10.12"]
[Round "3.18"]
[White "Khegay, Dmitriy"]
[Black "Indzhiev, Aldar"]
[Result "1-0"]
[ECO "A45"]
[WhiteElo "2521"]
[BlackElo "2101"]
[Annotator "ChessBase"]
[PlyCount "103"]
[EventDate "2021.10.12"]
[EventType "swiss"]
[EventCountry "RUS"]
[SourceTitle "playchess.com"]
[Source "ChessBase"]
[SourceQuality "1"]
[TimeControl "900+10"]

1. d4 Nf6 2. Bf4 e6 3. e3 b6 4. Qf3 Nc6 5. Nc3 Bb4 6. Nge2 Ba6 7. a3 Bxc3+ 8. Nxc3 Bxf1 9. Rxf1 O-O 10. g4 Ne7 11. Bg5 d5 12. Bxf6 gxf6 13. Qxf6 c5 14. h4 Ng6 15. Qxd8 Rfxd8 16. h5 Ne7 17. O-O-O Rab8 18. f4 f5 19. g5 c4 20. Kd2 Nc8 21. Ke2 Nd6 22. Rg1 Rd7 23. Nb1 Ne4 24. Nd2 Nxd2 25. Kxd2 Kg7 26. b3 Rc7 27. bxc4 Rxc4 28. Rb1 Rbc8 29. Rgc1 Rc3 30. a4 Ra3 31. Ra1 Rac3 32. a5 b5 33. a6 b4 34. Rab1 R3c4 35. Rb2 R8c6 36. Ra1 Rb6 37. Ra5 Kg8 38. Rc5 Rxc5 39. dxc5 Rxa6 40. Rxb4 Rc6 41. Rb5 a6 42. Rb6 Rxc5 43. Rxe6 a5 44. Ra6 Kg7 45. Ra7+ Kg8 46. Kd3 h6 47. g6 Rb5 48. Kd4 Rb2 49. Ke5 Rxc2 50. Rxa5 Rc3 51. Kf6 Rc6+ 52. Kxf5 1-0

[Event "RUS-ch Rapid 2021"]
[Site "Sochi"]
[Date "2021.10.12"]
[Round "3.21"]
[White "Smirnov, Timofey"]
[Black "Bologan, Victor"]
[Result "0-1"]
[ECO "B41"]
[WhiteElo "2409"]
[BlackElo "2574"]
[Annotator "ChessBase"]
[PlyCount "76"]
[EventDate "2021.10.12"]
[EventType "swiss"]
[EventCountry "RUS"]
[SourceTitle "playchess.com"]
[Source "ChessBase"]
[SourceQuality "1"]
[TimeControl "900+10"]

1. e4 c5 2. Nf3 e6 3. d4 cxd4 4. Nxd4 a6 5. c4 Nf6 6. Nc3 Bb4 7. Qd3 Qc7 8. Bd2 Nc6 9. Nb3 O-O 10. a3 Be7 11. Be2 Ne5 12. Qd4 Ng6 13.
O-O b6 14. Be3 Bd6 15. h3 Rb8 16. Qd2 Bb7 17. Bd3 Be5 18. f3 Nh5 19. Ne2 Ngf4 20. Nxf4 Nxf4 21. Be2 f5 22. exf5 Rxf5 23. Rfd1 Rf7 24. Rac1 Nh5 25. c5 b5 26. Qa5 Bh2+ 27. Kf1 Qe5 28. Qc3 Ng3+ 29. Ke1 Nxe2 30. Qxe5 Bxe5 31. Kxe2 Bxb2 32. Rc2 Bxa3 33.
Bd2 Bd5 34. Rb1 Bc4+ 35. Ke3 Rc8 36. Kd4 Rf5 37. Ba5 Rd5+ 38.
Ke3 Rd3+ 0-1

[Event "RUS-ch Rapid 2021"]
[Site "Sochi"]
[Date "2021.10.12"]
[Round "3.23"]
[White "Demidov, Mikhail"]
[Black "Shcherbin, Matvei"]
[Result "0-1"]
[ECO "A14"]
[WhiteElo "2551"]
[BlackElo "2366"]
[Annotator "ChessBase"]
[PlyCount "55"]
[EventDate "2021.10.12"]
[EventType "swiss"]
[EventCountry "RUS"]
[SourceTitle "playchess.com"]
[Source "ChessBase"]
[SourceQuality "1"]
[TimeControl "900+10"]

1. Nf3 Nf6 2. g3 e6 3. Bg2 d5 4. c4 Be7 5. O-O O-O 6. b3 b6 7. Bb2 Bb7 8. e3 dxc4 9. bxc4 Nbd7 10. Qe2 c5 11. d3 Qc7 12. Nc3 Rad8 13.
Rfd1 Rfe8 14. a4 a5 15. Rab1 Nb8 16. Nb5 Qc6 17. Be5 Na6 18. Na7 Qd7 19. Rxb6 Ng4 20. Bc3 Nb4 21. Ne5 Bf3 22. Qxf3 Nxe5 23. Bxe5 Qxa7 24. Rb7 Qa6 25. Qg4 Bf8 26. Be4 Nd5 27. Qh5 g6 28. Bxg6 0-1

[Event "RUS-ch Rapid 2021"]
[Site "Sochi"]
[Date "2021.10.12"]
[Round "4.6"]
[White "Moiseenko, Vadim"]
[Black "Bryakin, Mikhail"]
[Result "1-0"]
[ECO "A11"]
[WhiteElo "2542"]
[BlackElo "2498"]
[Annotator "ChessBase"]
[PlyCount "155"]
[EventDate "2021.10.12"]
[EventType "swiss"]
[EventCountry "RUS"]
[SourceTitle "playchess.com"]
[Source "ChessBase"]
[SourceQuality "1"]
[TimeControl "900+10"]

1. g3 d5 2. Bg2 Nf6 3. c4 c6 4. Nf3 dxc4 5. Qc2 g6 6. Qxc4 Bg7 7. O-O O-O 8. d3 Nbd7 9. Nc3 e5 10. Qh4 Nd5 11. Bg5 f6 12. Bd2 N7b6 13.
Nxd5 cxd5 14. Qb4 Be6 15. a4 Qd7 16. Rfc1 Rfc8 17. a5 Rxc1+ 18. Rxc1 Nc8 19. Ne1 Ne7 20. Qa3 a6 21. Bb4 Nc6 22. Bc5 Rc8 23.
b4 f5 24. Nf3 Bh6 25. Rd1 Bf7 26. Qb2 Re8 27. b5 axb5 28. Qxb5 Nb8 29. Qb2 Nc6 30. Qb5 Nb8 31. Rb1 Qxb5 32. Rxb5 Nc6 33. e3 Ra8 34. Bb6 e4 35. dxe4 dxe4 36. Nd4 Nxd4 37. Bxd4 Bc4 38. Rc5 Bd3 39. Bc3 Bg7 40. Bxg7 Kxg7 41. h3 Kf6 42. g4 Ra6 43. Kh2 Rc6 44. Rxc6+ bxc6 45. Kg3 c5 46. f3 c4 47. a6 c3 48. a7 c2 49. a8=Q c1=Q 50.
Qh8+ Ke6 51. Qxh7 Qxe3 52. Qxg6+ Kd5 53. Qxf5+ Kc4 54. Qf4 Qe1+ 55. Kh2 Qf2 56. Qc7+ Kb3 57. fxe4 Kb4 58. Qg3 Qd2 59. g5 Bf1 60. h4 Kc4 61. g6 Bxg2 62. Qxg2 Qf4+ 63. Kh3 Qe3+ 64. Kg4 Qh6 65. h5 Kd4 66. Qf3 Qg7 67. Qf4 Qe7 68. e5+ Kd3 69. Qf5+ Kd4 70. h6 Qb7 71. g7 Qg2+ 72. Kh5 Kd5 73. e6+ Kd6 74. Qf4+ Kc6 75. e7 Qd5+ 76. Kg6 Qg8 77. h7 Qa2 78. e8=Q+ 1-0

[Event "RUS-ch Rapid 2021"]
[Site "Sochi"]
[Date "2021.10.12"]
[Round "4.10"]
[White "Bologan, Victor"]
[Black "Belozerov, Andrei"]
[Result "1-0"]
[ECO "B31"]
[WhiteElo "2574"]
[BlackElo "2476"]
[Annotator "ChessBase"]
[PlyCount "103"]
[EventDate "2021.10.12"]
[EventType "swiss"]
[EventCountry "RUS"]
[SourceTitle "playchess.com"]
[Source "ChessBase"]
[SourceQuality "1"]
[TimeControl "900+10"]

1. e4 c5 2. Nf3 Nc6 3. Bb5 g6 4. Bxc6 bxc6 5. O-O Bg7 6.
Re1 Nf6 7. e5 Nd5 8. c4 Nc7 9. b3 d5 10. h3 dxc4 11. bxc4 O-O 12. Nc3 Bf5 13. Qa4 Qd7 14. Ba3 Ne6 15. Ne4 Bxe4 16. Rxe4 Rab8 17. Qc2 Rfd8 18. Bb2 Rb7 19. Bc3 Qd3 20. Qxd3 Rxd3 21. Kf1 Bh6 22. h4 Nf4 23. Ree1 Rd8 24. Reb1 Rdb8 25. Rxb7 Rxb7 26. g3 Ne6 27. Ke2 Bg7 28. Kd3 f6 29. Re1 Kf7 30. Kc2 h5 31. Re3 Rd7 32. Bb2 Bh6 33.
Ra3 f5 34. Ra6 Rc7 35. Bc3 f4 36. Ba5 fxg3 37. fxg3 Rc8 38. Rxa7 g5 39. hxg5 Bxg5 40. Bc3 Bh6 41. Nh4 Bg5 42. Nf5 Rc7 43. Rxc7 Nxc7 44. Kd3 Kg6 45. Ke4 Na6 46. a3 Nc7 47. Ba5 Na6 48. a4 Kf7 49. Bc3 e6 50.
Nd6+ Ke7 51. Kf3 h4 52. Ne4 1-0

[Event "RUS-ch Rapid 2021"]
[Site "Sochi"]
[Date "2021.10.12"]
[Round "4.11"]
[White "Ivlev, Aleksey"]
[Black "Kokarev, Dmitry"]
[Result "1/2-1/2"]
[ECO "B14"]
[WhiteElo "2315"]
[BlackElo "2579"]
[Annotator "ChessBase"]
[PlyCount "107"]
[EventDate "2021.10.12"]
[EventType "swiss"]
[EventCountry "RUS"]
[SourceTitle "playchess.com"]
[Source "ChessBase"]
[SourceQuality "1"]
[TimeControl "900+10"]

1. d4 Nf6 2. c4 g6 3. Nf3 Bg7 4. Nc3 O-O 5. Bg5 c5 6. e3 cxd4 7. exd4 d5 8. Bxf6 Bxf6 9. cxd5 Bg4 10. Be2 Bxf3 11. Bxf3 Qb6 12. Qd2 Bxd4 13. O-O Nd7 14. d6 e5 15. Ne2 Bc5 16. Rad1 Rad8 17. Nc3 Bd4 18. Ne2 Nc5 19. Nxd4 Rxd6 20. Qe3 exd4 21. Rxd4 Rxd4 22. Qxd4 Rd8 23. Qc3 Ne6 24. Qf6 Rd2 25. b3 Rxa2 26. Bd5 Rd2 27. Bc4 Qd4 28. Qf3 Qd7 29. Bxe6 fxe6 30. h4 Rd3 31. Qg4 Rd4 32. Qf3 Qd5 33. Qe2 Qc6 34. h5 Qe4 35. Qb5 gxh5 36. Qe8+ Kg7 37. Rc1 Qf5 38. Qe7+ Kh6 39. Qxb7 a5 40. Qb6 Re4 41. Ra1 Re5 42. Qd4 Rd5 43. Qe3+ Kg6 44. Re1 e5 45. Rc1 Rd6 46. Rc5 Rd1+ 47. Kh2 Qf4+ 48. Qxf4 exf4 49. Rxa5 f3 50. gxf3 Rd3 51. Rb5 Rxf3 52. Kg2 Rc3 53. Rb8 h4 54. b4 1/2-1/2

[Event "RUS-ch Rapid 2021"]
[Site "Sochi"]
[Date "2021.10.12"]
[Round "4.12"]
[White "Afanasiev, Nikita"]
[Black "Klukin, Kirill"]
[Result "1/2-1/2"]
[ECO "A14"]
[WhiteElo "2560"]
[BlackElo "2346"]
[Annotator "ChessBase"]
[PlyCount "88"]
[EventDate "2021.10.12"]
[EventType "swiss"]
[EventCountry "RUS"]
[SourceTitle "playchess.com"]
[Source "ChessBase"]
[SourceQuality "1"]
[TimeControl "900+10"]

1. Nf3 Nf6 2. g3 d5 3. Bg2 e6 4. O-O Be7 5. c4 O-O 6. b3 b6 7. Bb2 Bb7 8. e3 c5 9. Qe2 Nc6 10. d3 Qd7 11. Nbd2 Rfd8 12. Rfd1 a6 13.
Rac1 Rac8 14. cxd5 exd5 15. d4 Qc7 16. Ne5 Nxe5 17. dxe5 Nd7 18. f4 b5 19. Nf3 c4 20. Bh3 Nc5 21. Nd4 Ne4 22. Bf5 g6 23.
Bxe4 dxe4 24. bxc4 bxc4 25. Bc3 Bd5 26. f5 Bc5 27. Rf1 Re8 28.
e6 fxe6 29. fxg6 e5 30. gxh7+ Qxh7 31. Nf5 Qg6 32. Rf2 Rcd8 33. Rcf1 Be6 34. Bxe5 Rd5 35. Bd4 Rxf5 36. Rxf5 Bxd4 37. Ra5 Bg7 38. Rxa6 c3 39. Qb5 Rc8 40. Qb7 Qe8 41. Ra7 Qg6 42. Ra6 Qe8 43. Ra7 Qg6 44. Ra6 Qe8 1/2-1/2

[Event "RUS-ch Rapid 2021"]
[Site "Sochi"]
[Date "2021.10.12"]
[Round "4.14"]
[White "Bocharov, Dmitry"]
[Black "Obgolts, Erik"]
[Result "1-0"]
[ECO "E60"]
[WhiteElo "2517"]
[BlackElo "2430"]
[Annotator "ChessBase"]
[PlyCount "153"]
[EventDate "2021.10.12"]
[EventType "swiss"]
[EventCountry "RUS"]
[SourceTitle "playchess.com"]
[Source "ChessBase"]
[SourceQuality "1"]
[TimeControl "900+10"]

1. Nf3 Nf6 2. d4 g6 3. c4 Bg7 4. g3 O-O 5. Bg2 d6 6. O-O c6 7. b3 a5 8. Nc3 Bf5 9. Nh4 Bd7 10. e4 e5 11. Nf3 Bg4 12. Be3 Qe7 13.
h3 Bxf3 14. Bxf3 exd4 15. Bxd4 Ne8 16. Bg2 Nd7 17. f4 Rd8 18. Rc1 Nc5 19. Qd2 Bxd4+ 20. Qxd4 Ng7 21. Kh2 Rfe8 22. Rce1 Nge6 23. Qd2 Qf6 24. Re3 Qd4 25. Qe2 Ng7 26. Rd1 Qf6 27. Qd2 Qe7 28. Rde1 Qf6 29. Ne2 h5 30. h4 d5 31. e5 Qe7 32. cxd5 cxd5 33. Nd4 a4 34. bxa4 Nce6 35. Rd3 Nc5 36. Rc3 Nxa4 37. Rc2 Nc5 38.
Qb4 Nce6 39. Qxe7 Rxe7 40. Nb5 Nf5 41. Rec1 d4 42. Rd2 d3 43. Be4 Ned4 44. Rxd3 Red7 45. Rcd1 Nf3+ 46. Kh3 Rxd3 47. Rxd3 Rxd3 48. Bxd3 N5d4 49. Nxd4 Nxd4 50. Kg2 Kf8 51.
Kf2 Ke7 52. Ke3 Ne6 53. Be4 b6 54. Kd3 Nc7 55. Kc4 Ke6 56.
a4 Ke7 57. f5 gxf5 58. Bxf5 f6 59. Bg6 fxe5 60. Bxh5 Kf6 61. Bg4 Kg6 62. Kd3 Na6 63. Bd1 Kf5 64. Ke3 e4 65. g4+ Ke5 66. Bb3 Nc7 67. h5 Na6 68. Bc2 Nc5 69. g5 Kf5 70. g6 Kf6 71. Kf4 Kg7 72. Ke3 Kh6 73.
Bd1 Kg7 74. Kd4 Kh6 75. a5 Ne6+ 76. Ke5 bxa5 77. Kxe6 1-0

[Event "RUS-ch Rapid 2021"]
[Site "Sochi"]
[Date "2021.10.12"]
[Round "4.15"]
[White "Pridorozhni, Aleksei"]
[Black "Dudin, Gleb"]
[Result "1-0"]
[ECO "B11"]
[WhiteElo "2564"]
[BlackElo "2438"]
[Annotator "ChessBase"]
[PlyCount "85"]
[EventDate "2021.10.12"]
[EventType "swiss"]
[EventCountry "RUS"]
[SourceTitle "playchess.com"]
[Source "ChessBase"]
[SourceQuality "1"]
[TimeControl "900+10"]

1. e4 c6 2. Nc3 d5 3. Nf3 dxe4 4. Nxe4 Nf6 5. Qe2 Nxe4 6. Qxe4 Be6 7. Qe3 Bf5 8. c4 e6 9. Be2 c5 10. Ne5 Bd6 11. g4 Bg6 12. b3 Qf6 13.
Bb2 Nd7 14. g5 Qf5 15. Bd3 Bxe5 16. Bxf5 Bxb2 17. Bxg6 hxg6 18. Rb1 Bd4 19. Qe4 O-O-O 20. b4 Rh3 21. Rb3 Rhh8 22. h4 e5 23. b5 Nf8 24. a4 Ne6 25. a5 Rd7 26. a6 Kb8 27. axb7 Rxb7 28. Kf1 Nf4 29. Rf3 Rd8 30. Rxf4 exf4 31. Qxf4+ Kc8 32. Qe4 Kb8 33. Kg2 Rb6 34. Re1 Rbd6 35. Qf4 R8d7 36. Re8+ Kc7 37. Rf8 f6 38. Re8 Be5 39. Qf3 Rd8 40. Rxd8 Rxd8 41. Qc6+ Kb8 42. Qxc5 Rxd2 43. Qf8+ 1-0

[Event "RUS-ch Rapid 2021"]
[Site "Sochi"]
[Date "2021.10.12"]
[Round "4.16"]
[White "Ekdyshman, Mikhail"]
[Black "Triapishko, Alexandr"]
[Result "0-1"]
[ECO "E38"]
[WhiteElo "2315"]
[BlackElo "2506"]
[Annotator "ChessBase"]
[PlyCount "106"]
[EventDate "2021.10.12"]
[EventType "swiss"]
[EventCountry "RUS"]
[SourceTitle "playchess.com"]
[Source "ChessBase"]
[SourceQuality "1"]
[TimeControl "900+10"]

1. d4 Nf6 2. c4 e6 3. Nc3 Bb4 4. Qc2 d5 5. Nf3 c5 6. e3 O-O 7. a3 Bxc3+ 8. Qxc3 cxd4 9. exd4 dxc4 10. Bxc4 b6 11. Bg5 Ba6 12. O-O Ne4 13. Bxd8 Nxc3 14. Bxa6 Nxa6 15. bxc3 Rfxd8 16. c4 Rac8 17. Rac1 f6 18. Rfd1 Kf7 19. Kf1 Nb8 20. Ke2 Rd7 21. Rc3 Nc6 22. c5 Ne7 23. Rdc1 Nd5 24. Rc4 Nf4+ 25. Kf1 g5 26. g3 Nd5 27. h3 Kg6 28. a4 h5 29. Ke2 Ne7 30.
cxb6 Rxc4 31. Rxc4 axb6 32. Rb4 Nd5 33. Rc4 Kf5 34. Rc6 Ra7 35.
Nd2 Rxa4 36. Nc4 Ra2+ 37. Kf3 g4+ 38. Kg2 Ra4 39. hxg4+ hxg4 40. Nxb6 Rxd4 41. Nxd5 exd5 42. Rc8 Rc4 43. Rd8 Ke4 44. Re8+ Kd4 45. Re6 f5 46. Re8 Kc3 47. Re3+ Kc2 48. Re2+ Kb3 49. Re5 d4 50. Rxf5 d3 51. Rd5 Kc3 52. Ra5 d2 53. Ra1 Kb2 0-1

[Event "RUS-ch Rapid 2021"]
[Site "Sochi"]
[Date "2021.10.12"]
[Round "4.17"]
[White "Savitskiy, Sergey"]
[Black "Timofeev, Artyom"]
[Result "0-1"]
[ECO "C41"]
[WhiteElo "2439"]
[BlackElo "2586"]
[Annotator "ChessBase"]
[PlyCount "138"]
[EventDate "2021.10.12"]
[EventType "swiss"]
[EventCountry "RUS"]
[SourceTitle "playchess.com"]
[Source "ChessBase"]
[SourceQuality "1"]
[TimeControl "900+10"]

1. e4 e5 2. Bc4 Nf6 3. d3 Be7 4. Nc3 c6 5. Nf3 d6 6. O-O O-O 7. a4 Nbd7 8. d4 Qc7 9. Ba2 exd4 10. Nxd4 Nc5 11. Re1 Bg4 12. f3 Bd7 13. Be3 Rfe8 14. Qd2 a5 15. Qf2 Na6 16. Rad1 Nb4 17. Bb3 Rab8 18. Bc4 b6 19. Bf4 Nh5 20. Be3 Nf6 21. Bf4 Nh5 22. Bc1 Rbd8 23. Bb3 Bc8 24. Nce2 d5 25. c3 Na6 26. exd5 cxd5 27. g4 Nf6 28. Bf4 Qb7 29. Bc2 Nc5 30. Ng3 Ne6 31. Be3 Bc5 32. g5 Nd7 33. f4 Qc7 34. Ngf5 Ndf8 35. Nb5 Qb8 36. Nfd4 Nxd4 37. Nxd4 Bg4 38. Ra1 Qc8 39. f5 g6 40. Nb5 Rxe3 41. Rxe3 Bxe3 42. Qxe3 Bxf5 43. Bb3 Be4 44. Qg3 Ne6 45. h4 Nc5 46. Bd1 Qb8 47. Qxb8 Rxb8 48. Be2 Kf8 49. Rf1 Nxa4 50. b4 axb4 51. cxb4 Rd8 52. Nd4 Kg7 53. Bg4 Nb2 54. Ra1 h5 55. Bh3 b5 56. Ra7 Kg8 57. Bf1 Bd3 58.
Bg2 Bc4 59. Nc6 Rd6 60. Ne5 d4 61. Nf3 Bd5 62. Nd2 d3 63.
Bxd5 Rxd5 64. Kf2 Nc4 65. Ne4 Rd8 66. Ra1 Kg7 67. Rd1 d2 68.
Ke2 Rd4 69. Nc3 Rxh4 0-1

[Event "RUS-ch Rapid 2021"]
[Site "Sochi"]
[Date "2021.10.12"]
[Round "4.18"]
[White "Petrov, Nikita"]
[Black "Kovalenko, Sergey"]
[Result "1-0"]
[ECO "E01"]
[WhiteElo "2539"]
[BlackElo "2214"]
[Annotator "ChessBase"]
[PlyCount "85"]
[EventDate "2021.10.12"]
[EventType "swiss"]
[EventCountry "RUS"]
[SourceTitle "playchess.com"]
[Source "ChessBase"]
[SourceQuality "1"]
[TimeControl "900+10"]

1. d4 Nf6 2. c4 e6 3. Nf3 d5 4. g3 c6 5. Bg2 Bd6 6. Nc3 O-O 7. O-O Nbd7 8.
Nd2 Re8 9. e4 dxe4 10. Ndxe4 Nxe4 11. Nxe4 Be7 12. Bf4 Nf8 13. c5 Ng6 14. Bd6 Bf8 15. b4 a5 16. a3 Ne7 17. Qd2 Nf5 18. Bxf8 Rxf8 19. Rfd1 axb4 20. Qxb4 Qa5 21. Qxa5 Rxa5 22. g4 Ne7 23. Nd6 Rd8 24. a4 Kf8 25. Rdb1 Rd7 26. f4 Rc7 27. Kf2 Ng6 28. Ke3 Ra7 29. a5 Ke7 30. Rb6 Bd7 31. Be4 f6 32. a6 Rxa6 33. Rbxa6 bxa6 34. Rxa6 e5 35. dxe5 fxe5 36. f5 Nf4 37. Ra8 Nd5+ 38. Kf3 Nf6 39. g5 Ne8 40. Nc4 Rb7 41. Nxe5 Rb3+ 42. Kf4 Rc3 43. Ra7 1-0

[Event "RUS-ch Rapid 2021"]
[Site "Sochi"]
[Date "2021.10.12"]
[Round "4.23"]
[White "Kezin, Roman"]
[Black "Khubukshanov, Erdem"]
[Result "1-0"]
[ECO "E06"]
[WhiteElo "2492"]
[BlackElo "2373"]
[Annotator "ChessBase"]
[PlyCount "43"]
[EventDate "2021.10.12"]
[EventType "swiss"]
[EventCountry "RUS"]
[SourceTitle "playchess.com"]
[Source "ChessBase"]
[SourceQuality "1"]
[TimeControl "900+10"]

1. d4 d5 2. c4 e6 3. Nf3 Nf6 4. g3 Be7 5. Bg2 O-O 6. O-O c6 7. Qc2 b6 8. Nbd2 Bb7 9. e4 Na6 10. a3 c5 11. exd5 exd5 12. dxc5 Nxc5 13. b4 Ne6 14. Rd1 Rc8 15. Bb2 Qc7 16. Be5 Qc6 17. Rac1 Rfd8 18. Nh4 Ne4 19. Nf5 Bg5 20. f4 g6 21. Nxe4 dxe4 22. Nd6 1-0